 Dungeon Crawl Stone Soup version 0.30-a0-172-gc5509c9e31 (webtiles) character file.

Game seed: 18020587616519326214

507 qw the Chopper (level 7, -2/43 HPs)
             Began as a Gargoyle Fighter on Oct 1, 2022.
             Slain by a black bear (5 damage)
             ... on level 5 of the Dungeon.
             The game lasted 00:01:30 (3401 turns).

qw the Chopper (Gargoyle Fighter)                   Turns: 3401, Time: 00:01:30

Health: -2/43      AC: 13    Str: 27    XL:     7   Next: 18%
Magic:  7/7        EV:  8    Int:  9    God:
Gold:   225        SH:  4    Dex:  9    Spells: 6/6 levels left

rFire   . . .      SeeInvis .    Y - +2 war axe
rCold   + . .      Faith    .    c - +0 buckler
rNeg    + . .      Spirit   .    o - +0 chain mail
rPois   inf        Reflect  .    (no helmet)
rElec   +          Harm     .    (no cloak)
rCorr   .          Rampage  .    (no gloves)
Will    .....                    (no boots)
Stlth   ..........               (no amulet)
HPRegen 0.27/turn                m - +6 ring of strength
MPRegen 0.10/turn                q - ring of protection from cold

@: about to teleport
A: sickness immunity, AC +4, negative energy resistance 1, electricity
resistance, torment resistance 1, petrification resistance
a: no special abilities


You were on level 5 of the Dungeon.
You visited 1 branch of the dungeon, and saw 5 of its levels.

You collected 258 gold pieces.
You spent 33 gold pieces at shops.


Innate Abilities, Weirdness & Mutations

You are immune to sickness and miasma.
Your stone body is resilient. (AC +4)
You are immune to poison.
You resist negative energy. (rN+)
You are resistant to electric shocks. (rElec)
You are resistant to unholy torment.
You are immune to petrification.


   Skills:
 - Level 4.2 Fighting
 + Level 6.2 Axes
 - Level 3.2 Armour
 - Level 1.5 Dodging
 - Level 3.2 Shields


You had 6 spell levels left.
You didn't know any spells.
Your spell library was empty.

Inventory:

Hand Weapons
 j - a +0 flail
 Y - a +2 war axe (weapon)
Armour
 c - a +0 buckler (worn)
 o - a +0 chain mail (worn)
Jewellery
 b - a ring of fire
 m - a +6 ring of strength (left hand)
 q - a ring of protection from cold (right hand)
 t - a ring of protection from cold
Scrolls
 e - 3 scrolls of identify
 i - 4 scrolls of teleportation
Potions
 a - a potion of cancellation
 d - 2 potions of might
 f - a potion of magic {unknown}
 g - a potion of degeneration {unknown}
 h - a potion of heal wounds {unknown}
 k - a potion of berserk rage {unknown}
 l - 2 potions of lignification
 n - 4 potions of mutation {unknown}
 p - a potion of ambrosia {unknown}

Dungeon Overview and Level Annotations

Branches:
Dungeon (5/15)
 Temple: D:4-7

Altars:
Qazlal
Uskayaw
Yredelemnul

Shops:
D:1 *!


Message History

The black bear claws you but does no damage.
The black bear claws you.
You hit the black bear.
The black bear is moderately wounded.
The black bear bites you. The black bear closely misses you.
The black bear claws you but does no damage.
You slash the black bear!
The black bear is severely wounded.
The black bear goes berserk!
The black bear bites you!
The black bear claws you but does no damage. x2
You hit the black bear but do no damage.
The black bear is severely wounded.
The black bear bites you but does no damage.
The black bear claws you. x2
You closely miss the black bear.
The black bear is severely wounded.
The black bear bites you but does no damage.
The black bear barely misses you.
The black bear claws you but does no damage.
You block the black bear's attack.
The black bear claws you but does no damage. x2
You hit the black bear.
The black bear is severely wounded.
The black bear bites you!
The black bear claws you but does no damage.
The black bear closely misses you. The black bear barely misses you.
The black bear misses you. The black bear claws you.
3400 ||| READING 5 scrolls of teleportation.
As you read the scroll of teleportation, it crumbles to dust.
You feel strangely unstable.
The black bear bites you but does no damage.
The black bear claws you.
The black bear claws you but does no damage.
You hit the black bear but do no damage.
The black bear is severely wounded.
The black bear bites you but does no damage.
The black bear claws you. The black bear barely misses you.
The black bear bites you but does no damage.
The black bear claws you.
You die...

......# #... ........
.... .#. ..
...#....##..### #.....
####..........##..##.###
#####.###..#...........
......###..............
#....##....##.......
#######.................
...............#@h......
###....................#
###....:....##..########
..#.........##..#
#...........#####
###.........#
##.....##..##
#...#........
...#######..<.


You could see a black bear (berserk).

Vanquished Creatures
  2 scorpions (D:4)
  A gnoll sergeant (D:5)
  A jelly (D:5)
  An iguana (D:5)
  An orc wizard (D:4)
  Ijyb (D:3)
  7 gnolls
  5 adders
  An ufetubus (D:5)
  3 dart slugs
  A worm (D:3)
  15 orcs
  6 bats
  6 endoplasms
  8 goblins
  8 hobgoblins
  5 jackals
  6 kobolds
  4 quokkas
  9 ball pythons
  A frilled lizard (D:3)
  5 rats
97 creatures vanquished.

Notes
Turn   | Place    | Note
-------+----------+-------------------------------------------
     0 | D:1      | qw the Gargoyle Fighter began the quest for the Orb.
     0 | D:1      | Reached XP level 1. HP: 14/14 MP: 1/1
     0 | D:1      | 0 ||| qw: Version: 0.2-a-13-gfc7b4b4
     0 | D:1      | 0 ||| qw: Game counter: 1765
     0 | D:1      | 0 ||| qw: Always use a shield: true
     0 | D:1      | 0 ||| qw: God list: Okawaru
     0 | D:1      | 0 ||| qw: Allow faded altars: false
     0 | D:1      | 0 ||| qw: Do Orc after D:15 true
     0 | D:1      | 0 ||| qw: Do second Lair branch before Depths: true
     0 | D:1      | 0 ||| qw: Lair rune preference: random
     0 | D:1      | 0 ||| qw: Plans: Normal, Zot:1-4, God:TSO, Crypt, Tomb,
                  | Pan, Slime:5, Hells, Abyss, Orb
     0 | D:1      | 0 ||| PLANNING D:1-11
    25 | D:1      | Reached skill level 2 in Axes
   119 | D:1      | Found Itun's Distillery.
   129 | D:1      | 129 ||| SHOPLISTING potion of curing (42 gold, have 0).
   129 | D:1      | 129 ||| SHOPLISTING potion of haste (140 gold, have 0).
   129 | D:1      | 129 ||| SHOPLISTING potion of heal wounds (70 gold, have
                  | 0).
   129 | D:1      | 129 ||| SHOPLISTING potion of lignification (42 gold, have
                  | 0).
   129 | D:1      | 129 ||| SHOPLISTING potion of mutation (112 gold, have 0).
   218 | D:1      | Reached XP level 2. HP: 19/19 MP: 2/2
   283 | D:1      | 283 ||| DROPPING +0 club.
   387 | D:1      | 387 ||| Stepping ~*~*~tactically~*~*~ (hiding).
   523 | D:1      | Found Kuophe's General Store.
   534 | D:1      | 534 ||| BUYING potion of lignification (33 gold).
   534 | D:1      | Bought a potion of lignification for 33 gold pieces
   534 | D:1      | 534 ||| SHOPLISTING ring "Gogusamm" {Wiz Str+4} (499 gold,
                  | have 20).
   534 | D:1      | 534 ||| SHOPLISTING scroll of teleportation (33 gold, have
                  | 20).
   571 | D:1      | Found a faded altar of an unknown god.
   641 | D:1      | Reached skill level 3 in Axes
   645 | D:1      | Reached XP level 3. HP: 23/23 MP: 3/3
   699 | D:1      | 699 ||| READING scroll labelled LYNUNA VUOMA.
   700 | D:1      | 700 ||| READING scroll labelled BOMUCI QAIKHLUNA.
   701 | D:1      | 701 ||| READING scroll labelled ZEAL BAHACSIU.
   702 | D:1      | 702 ||| DRINKING 2 fizzy purple potions.
   703 | D:1      | 703 ||| DROPPING potion of brilliance.
   739 | D:2      | 739 ||| STAIRDANCE
   815 | D:2      | 815 ||| Stepping ~*~*~tactically~*~*~ (stealth).
   816 | D:2      | 816 ||| Stepping ~*~*~tactically~*~*~ (stealth).
   819 | D:2      | 819 ||| Stepping ~*~*~tactically~*~*~ (stealth).
  1071 | D:2      | 1071 ||| Stepping ~*~*~tactically~*~*~ (stealth).
  1073 | D:2      | 1073 ||| Stepping ~*~*~tactically~*~*~ (stealth).
  1077 | D:2      | 1077 ||| Stepping ~*~*~tactically~*~*~ (stealth).
  1078 | D:2      | 1078 ||| Stepping ~*~*~tactically~*~*~ (stealth).
  1079 | D:2      | 1079 ||| Stepping ~*~*~tactically~*~*~ (stealth).
  1080 | D:2      | 1080 ||| Stepping ~*~*~tactically~*~*~ (stealth).
  1081 | D:2      | 1081 ||| Stepping ~*~*~tactically~*~*~ (stealth).
  1082 | D:2      | 1082 ||| Stepping ~*~*~tactically~*~*~ (stealth).
  1083 | D:2      | 1083 ||| Stepping ~*~*~tactically~*~*~ (stealth).
  1084 | D:2      | 1084 ||| Stepping ~*~*~tactically~*~*~ (stealth).
  1154 | D:2      | Found a stormy altar of Qazlal.
  1237 | D:2      | 1237 ||| UPGRADING to +6 ring of strength.
  1238 | D:2      | 1238 ||| READING 3 scrolls labelled OMIYVV DY RIPP.
  1239 | D:2      | 1239 ||| READING scroll labelled UMOAGU QOLO.
  1240 | D:2      | 1240 ||| DROPPING 2 scrolls of poison.
  1363 | D:3      | Reached XP level 4. HP: 28/28 MP: 4/4
  1441 | D:3      | 1441 ||| Stepping ~*~*~tactically~*~*~ (stealth).
  1444 | D:3      | 1444 ||| Stepping ~*~*~tactically~*~*~ (stealth).
  1453 | D:3      | Reached skill level 4 in Axes
  1463 | D:3      | 1463 ||| STAIRDANCE
  1482 | D:2      | 1482 ||| DROPPING ring of magical power.
  1483 | D:2      | 1483 ||| READING 3 scrolls labelled ODUESA UNO.
  1506 | D:3      | 1506 ||| STAIRDANCE
  1627 | D:3      | 1627 ||| READING scroll of enchant weapon.
  1627 | D:3      | 1627 ||| ENCHANTING +1 war axe.
  1696 | D:3      | Noticed Ijyb
  1703 | D:3      | Killed Ijyb
  1704 | D:3      | Reached XP level 5. HP: 29/32 MP: 5/5
  1961 | D:3      | 1961 ||| UPGRADING to +0 chain mail.
  1971 | D:3      | 1971 ||| DROPPING +0 scale mail.
  1972 | D:3      | 1972 ||| UPGRADING to ring of protection from cold.
  1973 | D:3      | 1973 ||| READING 2 scrolls of identify.
  1973 | D:3      | 1973 ||| IDENTIFYING bubbling blue potion
  2116 | D:4      | Reached skill level 5 in Axes
  2207 | D:4      | Reached XP level 6. HP: 27/38 MP: 6/6
  2327 | D:4      | 2327 ||| Stepping ~*~*~tactically~*~*~ (stealth).
  2719 | D:4      | Noticed a +0 dagger
  2721 | D:4      | Found a hide-covered altar of Uskayaw.
  2724 | D:4      | 2724 ||| Stepping ~*~*~tactically~*~*~ (stealth).
  2725 | D:4      | Noticed a +0 dagger
  2730 | D:4      | 2730 ||| Stepping ~*~*~tactically~*~*~ (stealth).
  2754 | D:4      | 2754 ||| Stepping ~*~*~tactically~*~*~ (stealth).
  2755 | D:4      | 2755 ||| Stepping ~*~*~tactically~*~*~ (stealth).
  2791 | D:4      | 2791 ||| DROPPING orb of mayhem.
  2792 | D:4      | 2792 ||| READING scroll labelled PIJ ILYIPEADWA.
  2926 | D:4      | 2926 ||| Stepping ~*~*~tactically~*~*~ (stealth).
  3134 | D:4      | 3134 ||| READING scroll labelled XACZUX NOPUHEI.
  3135 | D:4      | 3135 ||| READING scroll labelled ECLAEPH MUYTAE.
  3136 | D:4      | 3136 ||| READING scroll labelled KEN JOTAUHELIJ.
  3143 | D:5      | Entered Level 5 of the Dungeon
  3157 | D:5      | Reached skill level 6 in Axes
  3173 | D:5      | 3173 ||| Stepping ~*~*~tactically~*~*~ (hiding).
  3174 | D:5      | 3174 ||| Stepping ~*~*~tactically~*~*~ (hiding).
  3175 | D:5      | 3175 ||| Stepping ~*~*~tactically~*~*~ (hiding).
  3184 | D:5      | Reached skill level 1 in Dodging
  3184 | D:5      | Reached XP level 7. HP: 29/43 MP: 7/7
  3184 | D:5      | 3184 ||| FLEEEEING.
  3185 | D:5      | 3185 ||| FLEEEEING.
  3186 | D:5      | 3186 ||| FLEEEEING.
  3187 | D:5      | 3187 ||| FLEEEEING.
  3188 | D:5      | 3188 ||| FLEEEEING.
  3189 | D:5      | 3189 ||| FLEEEEING.
  3190 | D:5      | 3190 ||| STAIRDANCE
  3241 | D:5      | 3241 ||| STAIRDANCE
  3283 | D:5      | Found a basalt altar of Yredelemnul.
  3399 | D:5      | HP: 10/43 [black bear (11)]
  3400 | D:5      | 3400 ||| READING 5 scrolls of teleportation.
  3400 | D:5      | HP: 3/43 [black bear (5)]
  3401 | D:5      | Slain by a black bear

Levels and vault maps discovered:
D:1:      dpeg_arrival_short_road, layout_rooms, serial_shops,
          nicolae_shop_stone, nicolae_shop_stone,
          dreamdust_ecumenical_altar_angels_and_demons, kennysheep_nondescript,
          chequers_serial_rivers_small_3
D:2:      layout_basic, basic_altar, hex_intersection, grunt_ministairs_5,
          reono_crystal_passage
D:3:      layout_rooms, minmay_misc_feat_alley, palyth_stone_intersect,
          ebering_dispersal_statue_hall, uniq_ijyb
D:4:      layout_loops_corners, dancing_weapons_uskayaw,
          kennysheep_generic_room_6
D:5:      layout_rooms, mainiacjoe_overflow_small_starburst

Skill      XL: |  1  2  3  4  5  6 |
---------------+-------------------+-----
Axes           | 2 3 4 5 6 |  6.2
Fighting       | 4 |  4.2
Dodging        | 1 |  1.5
Armour         | |  3.2
Shields        | |  3.2

Action                   |  1- 3 |  4- 6 |  7- 9 || total
-------------------------+-------+-------+-------++-------
Melee: War axe           |   101 |   134 |    23 ||   258
Throw: Boomerang         |       |    13 |       ||    13
  Use: Scroll            |     5 |     7 |     1 ||    13
       Potion            |     1 |       |       ||     1
Armor: Scale mail        |    49 |    13 |       ||    62
       Chain mail        |       |    38 |    24 ||    62
Dodge: Dodged            |    34 |    46 |    15 ||    95
Block: Buckler           |    23 |    20 |     5 ||    48

Table legend:
 A = Non-vault XP
 B = Vault XP
 C = Vault XP percentage of total XP
 D = Non-vault monster count
 E = Vault monster count
 F = Vault count percentage of total count
                 A         B        C        D         E       F
            +---------+---------+-------+---------+---------+-------
      Total |     573 |     152 |  21.0 |      91 |       6 |   6.2
            +---------+---------+-------+---------+---------+-------
        D:1 |      39 |       0 |   0.0 |      19 |       0 |   0.0
        D:2 |      23 |      15 |  39.5 |      15 |       2 |  11.8
        D:3 |      69 |      33 |  32.4 |      22 |       1 |   4.3
        D:4 |     225 |     104 |  31.6 |      27 |       3 |  10.0
        D:5 |     217 |       0 |   0.0 |       8 |       0 |   0.0
            +---------+---------+-------+---------+---------+-------
